 Dungeon Crawl Stone Soup version 0.32-a0-886-g41c5271027 (webtiles) character file.

Game seed: 8979776011833822455

2681 Biggs the Skirmisher (level 9, 0/64 HPs)
             Began as a Coglin Hunter on Apr 2, 2024.
             Slain by Joseph
             ... wielding a +1 quarterstaff of draining
              (9 damage)
             ... on level 7 of the Dungeon.
             The game lasted 00:08:16 (5452 turns).

Biggs the Skirmisher (Coglin Hunter)                Turns: 5452, Time: 00:08:17

Health: 0/64       AC:  6    Str: 12    XL:     9   Next: 64%
Magic:  9/9        EV: 14    Int:  9    God:
Gold:   208        SH:  0    Dex: 21    Spells: 8/8 levels left

rFire   . . .        a - +2 sling {Hans}
rCold   . . .        d - +0 sling {Sebastián}
rNeg    . . .        c - +0 leather armour
rPois   .            i - +0 helmet
rElec   .            w - +0 cloak
rCorr   .            (no gloves)
SInv    .            q - +0 pair of boots
Will    .....        (amulet unavailable)
Stlth   ++           (ring unavailable)
HPRegen 0.30/turn    (ring unavailable)
MPRegen 0.11/turn    (no gizmo)

%: no passive effects
@: revving
A: off-hand wielding, slow wielding, warmup strikes, no jewellery
a: Invent Gizmo


You were on level 7 of the Dungeon.
You visited 2 branches of the dungeon, and saw 8 of its levels.

You collected 230 gold pieces.
You spent 22 gold pieces at shops.

Inventory:

Hand Weapons
 a - a +2 sling (weapon) {Hans}
 d - a +0 sling (offhand) {Sebastián}
Armour
 c - a +0 leather armour (worn)
 i - a +0 helmet (worn)
 q - a +0 pair of boots (worn)
 w - a +0 cloak (worn)
Wands
 v - a wand of acid (6)
Scrolls
 b - a scroll of butterflies
 e - a scroll of fog {unknown}
 f - 2 scrolls of enchant armour {unknown}
 g - 2 scrolls of blinking {unknown}
 h - 2 scrolls of identify {unknown}
 l - a scroll of noise {unknown}
 n - 6 scrolls of teleportation {unknown}
 r - a scroll of immolation {unknown}
 u - 2 scrolls of amnesia {unknown}
Potions
 j - a potion of haste {unknown}
 k - 5 potions of curing
 m - 2 potions of heal wounds {unknown}
 o - 2 potions of resistance {unknown}
 p - a potion of degeneration {unknown}
 s - 5 potions of mutation {unknown}
 t - a potion of might {unknown}


   Skills:
 + Level 3.2 Fighting
 - Level 10.9 Ranged Weapons
 - Level 5.5 Dodging
 - Level 0.7 Stealth


You had 8 spell levels left.
You didn't know any spells.
Your spell library contained the following spells:

 Spells                   Type           Power      Damage    Failure   Level
 Blink                    Tloc           0%         N/A       61%         2
 Lesser Beckoning         Tloc           0%         N/A       61%         2
 Momentum Strike          Conj/Tloc      0%         3d8       61%         2


Dungeon Overview and Level Annotations

Branches:
Dungeon (7/15)             Temple (1/1) D:4

Altars:
Ashenzari
Cheibriados
Dithmenos
Elyvilon
Fedhas
Gozag
Hepliaklqana
Kikubaaqudgha
Makhleb
Nemelex Xobeh
Qazlal
Ru
Sif Muna
Trog
Uskayaw
Vehumet
Zin
The Shining One

Shops:
D:3 *

Annotations:
D:7 Joseph


Innate Abilities, Weirdness & Mutations

You can wield a second weapon in your off-hand.
It takes a long time for you to wield or remove held weapons.
Your first few attacks do less damage.
You cannot equip rings or amulets.


Message History

Aiming: Corrosive Bolt
Press: ? - help, Shift-Dir - straight line, f - Joseph
Aim: Joseph, wielding a +0 sling, wearing a +0 ring mail and carrying a wand of flame (moderately wounded, 75% to hit)
The bolt of acid hits Joseph!
The acid corrodes Joseph!
Joseph is heavily wounded.
Joseph zaps a wand.
The puff of flame hits you!
* * * LOW HITPOINT WARNING * * *
Unknown command.
Aiming: Corrosive Bolt
Press: ? - help, Shift-Dir - straight line, f - sleepcap, p - Joseph
Aim: a sleepcap (heavily damaged, covered in acid, 100% to hit)
The bolt of acid hits Joseph!
Joseph seems to be corroded for longer.
Joseph is severely wounded.
The bolt of acid hits the sleepcap!
The sleepcap seems to be corroded for longer.
You destroy the sleepcap!
Unknown command.
Fire: a) +2 sling {Hans}
Press: ? - help, Q - select action, (/) - cycle Shift-Dir - straight line, f - Joseph
Aim: Joseph, wielding a +0 sling, wearing a +0 ring mail and carrying a wand of flame (severely wounded, covered in acid, 71% to hit)
You shoot a sling bullet. The sling bullet hits Joseph.
Joseph is severely wounded.
You shoot a sling bullet. The sling bullet hits Joseph.
Joseph is severely wounded.
Joseph zaps a wand.
The puff of flame hits you.
* * * LOW HITPOINT WARNING * * *
Unknown command.
Unknown command.
Fire: a) +2 sling {Hans}
Press: ? - help, Q - select action, (/) - cycle Shift-Dir - straight line, f/p - Joseph
Aim: Joseph, wielding a +0 sling, wearing a +0 ring mail and carrying a wand of flame (severely wounded, covered in acid, 71% to hit)
You shoot a sling bullet. The sling bullet barely misses Joseph.
You shoot a sling bullet. The sling bullet hits Joseph.
Joseph is almost dead.
Joseph unwields a +0 sling.
Joseph wields a +1 quarterstaff of draining.
You sense an unholy aura.
Joseph hits you with a +1 quarterstaff of draining!
You die...

....##.#
#............#######
###.##.##
##.##########........
#.###.## ##.##
#..######
#.####.###.##
#######..#
#..####...##
#........#
##.......##
#.#####.## ##
#.#######
####.#####.####...
#.#
#.@...............
#.#
##@##.#...........(
#.# #..#
.#.###.####..# #.#
#.## f# #.# .# #.#
#.# .# #.####..#
#.##########.# .#
#.<.....#
#........)...# .#
#######.#
###########.># .#
#..# #..#


You could see Joseph (corroded).

Vanquished Creatures
  2 steam dragons (D:5)
  4 water moccasins (D:6)
  3 black bears (D:6)
  An ogre (D:5)
  A centaur (D:6)
  A phantom (D:4)
  A kobold brigand (D:5)
  A bullfrog (D:7)
  6 scorpions
  4 killer bees (D:6)
  3 hounds
  3 jellies
  3 orc priests
  A sleepcap (D:7)
  Crazy Yiuf (D:7)
  Jessica (D:2)
  3 iguanas
  Natasha (thrice) (D:4)
  3 orc wizards
  6 gnolls
  8 adders
  A white imp (D:7)
  A dart slug (D:2)
  A ribbon worm (D:3)
  17 orcs
  10 bats
  7 endoplasms
  2 giant cockroaches
  13 goblins
  8 hobgoblins
  4 jackals (D:4)
  7 quokkas
  5 ball pythons
  6 frilled lizards
  10 kobolds
  6 rats
157 creatures vanquished.

Notes
Turn   | Place    | Note
-------+----------+-------------------------------------------
     0 | D:1      | Biggs the Coglin Hunter began the quest for the Orb.
     0 | D:1      | Reached XP level 1. HP: 16/16 MP: 1/1
   101 | D:1      | Reached skill level 4 in Ranged Weapons
   101 | D:1      | Reached XP level 2. HP: 22/22 MP: 2/2
   434 | D:1      | Reached XP level 3. HP: 27/27 MP: 3/3
   508 | D:2      | Noticed Jessica
   512 | D:2      | Killed Jessica
   513 | D:2      | Reached skill level 5 in Ranged Weapons
   513 | D:2      | Reached XP level 4. HP: 22/33 MP: 4/4
  1203 | D:3      | Found Zoaneikh's Assorted Antiques.
  1210 | D:3      | Bought a scroll labelled ATIZ ANGEADALE for 22 gold pieces
  1349 | D:3      | Reached XP level 5. HP: 35/38 MP: 5/5
  1489 | D:3      | Found a blossoming altar of Fedhas.
  1490 | D:3      | Found a radiant altar of Vehumet.
  1494 | D:3      | Found a broken altar of Ashenzari.
  1630 | D:3      | Reached skill level 6 in Ranged Weapons
  1927 | D:4      | Reached XP level 6. HP: 38/44 MP: 6/6
  1990 | D:4      | Noticed Natasha
  1999 | D:4      | Killed Natasha
  2015 | D:4      | Reached skill level 7 in Ranged Weapons
  2356 | D:4      | Reached XP level 7. HP: 50/50 MP: 7/7
  2448 | D:4      | Found a glowing golden altar of the Shining One.
  2480 | D:4      | Found a staircase to the Ecumenical Temple.
  2488 | D:4      | Noticed Natasha
  2491 | D:4      | Killed Natasha
  2505 | Temple   | Entered the Ecumenical Temple
  2513 | D:4      | Found the -2 hat of the Alchemist {rElec rPois rF+ rC+ rN+
                  | Will+ rMut rCorr}
  2691 | D:4      | Noticed Natasha
  2697 | D:4      | Killed Natasha
  2698 | D:4      | Reached skill level 8 in Ranged Weapons
  2737 | D:5      | Entered Level 5 of the Dungeon
  2877 | D:5      | Found a shimmering blue altar of Sif Muna.
  3149 | D:5      | Reached skill level 9 in Ranged Weapons
  3149 | D:5      | Reached XP level 8. HP: 56/56 MP: 8/8
  3739 | D:5      | You fall into a shaft and drop 1 floor!
  3867 | D:6      | Reached skill level 10 in Ranged Weapons
  3962 | D:6      | Found a hide-covered altar of Uskayaw.
  4037 | D:6      | Reached XP level 9. HP: 40/61 MP: 9/9
  4558 | D:6      | Reached skill level 5 in Dodging
  5157 | D:7      | Found a runed translucent door.
  5158 | D:7      | Noticed Crazy Yiuf
  5211 | D:7      | Killed Crazy Yiuf
  5441 | D:7      | Noticed Joseph
  5452 | D:7      | Slain by Joseph

Illustrated notes

Levels and vault maps discovered:
D:1:      tarquinn_simple_flora_water_a, layout_basic
D:2:      cheibrodos_old_hovel, layout_loops_ring, uniq_jessica
D:3:      layout_loops_ring, minitemple, serial_shops, shop
D:4:      layout_basic, mainiacjoe_overflow_six_doors_small,
          minmay_temple_entry_butterflies, minmay_checkerbox, uniq_natasha
D:5:      kennysheep_steamy, layout_basic, lemuel_doored_altar, serial_bayou,
          serial_bayou_pond_c, serial_bayou_lagoon_b, serial_bayou_ford_a,
          grunt_ministairs_2
D:6:      layout_loops_ring, minmay_ruined_shrine
D:7:      layout_loops_ring, hangedman_decor_peaks_small, uniq_jeremiah,
          uniq_crazy_yiuf_cottage, uniq_joseph
Temple:   nicolae_temple_figure_eight

Skill      XL: |  1  2  3  4  5  6  7  8  9 |
---------------+----------------------------+-----
Ranged Weapons | 4 5 6 7 9 10 | 10.9
Dodging        | 5 |  5.5
Fighting       | 3 |  3.2
Stealth        | |  0.7

Action                     |  1- 3 |  4- 6 |  7- 9 || total
---------------------------+-------+-------+-------++-------
   Fire: Sling             |    90 |   334 |   562 ||   986
  Evoke: Wand              |       |       |     3 ||     3
    Use: Potion            |       |       |     1 ||     1
 Armour: Leather armour    |    11 |    36 |   101 ||   148
  Dodge: Dodged            |     6 |    19 |   101 ||   126

Table legend: (Time is in decaauts)
 A = Elapsed time spent in this place.
 B = Non-inter-level travel time spent in this place.
 C = Inter-level travel time spent in this place.
 D = Time resting spent in this place.
 E = Time spent auto-exploring this place.
 F = Levels seen in this place.
 G = Mean time per level.
                   A        B        C        D        E       F      G
               +--------+--------+--------+--------+--------+-----+--------+
         Total |   5504 |   5298 |    206 |      0 |   4500 |   8 |  688.0 |
       Dungeon |   5502 |   5296 |    206 |      0 |   4500 |   7 |  786.0 |
        Temple |      1 |      1 |      0 |      0 |      0 |   1 |    1.0 |
               +--------+--------+--------+--------+--------+-----+--------+

Top non-repeatable levels by time:
     D:5: 1180 daAuts
     D:6: 1173 daAuts
     D:4: 831 daAuts
     D:3: 733 daAuts
     D:2: 722 daAuts
     D:1: 484 daAuts
     D:7: 377 daAuts
  Temple: 1 daAuts
